 Dungeon Crawl Stone Soup version 0.17-a0-1626-g3031859 (webtiles) character file.

150976 hashmurim the Bludgeoner (level 17, 0/152 HPs)
             Began as a Ghoul Gladiator on Aug 2, 2015.
             Was the Champion of Makhleb.
             Slain by a greater naga
             ... wielding a +4 spear of piercing
              (12 damage)
             ... on level 4 of the Snake Pit on Aug 3, 2015.
             The game lasted 03:01:38 (29775 turns).

hashmurim the Bludgeoner (Ghoul Gladiator)         Turns: 29775, Time: 03:01:38

Health: 0/152      AC: 31    Str: 25    XL:     17   Next: 54%
Magic:  23/23      EV: 13    Int: 10    God:    Makhleb [******]
Gold:   498        SH:  7    Dex: 20    Spells: 0 memorised, 16 levels left

rFire  . . .     SeeInvis .     a - +9 eveningstar (venom)
rCold  + + .     Clarity  .     J - +3 plate armour of the Land of Plenty {rPois Int+5}
rNeg   + + +     SustAt   .     u - +1 buckler
rPois  ∞         Gourm    .     f - +1 helmet "Leifaddi" {MR++}
rElec  .         Spirit   .     O - +2 cloak {MR+}
rCorr  .         Warding  +     v - +2 pair of fencer's gloves {LBl+4 SBl+4 EV+3 Dex+6}
rMut   .         Stasis   .     B - +0 pair of boots
MR     ++++.                    F - amulet of warding
Stlth  ..........               C - ring of protection from cold
                                U - ring of Hiacaqol {+Inv Str+4 Dex+2 Stlth+}

@: rotting, constricted, incredibly resistant to hostile enchantments, extremely
unstealthy
A: rotting body, claws 1, carnivore 3, cold resistance 1, negative energy
resistance 3, slow healing 1, torment resistance, unbreathing
a: Minor Destruction, Lesser Servant of Makhleb, Major Destruction, Greater
Servant of Makhleb, Renounce Religion, Evoke Invisibility


You were on level 4 of the Snake Pit.
You worshipped Makhleb.
Makhleb was exalted by your worship.
You were not hungry.

You visited 6 branches of the dungeon, and saw 30 of its levels.
You also visited: Labyrinth and Ice Cave.

You collected 3297 gold pieces.
You spent 2799 gold pieces at shops.

Inventory:

Hand weapons
 a - a +9 eveningstar of venom (weapon)
 E - the +14 plutonium sword {*Contam Stlth-}
   (You found it on level 2 of the Swamp)

   It causes magical contamination when unequipped.
   It makes you less stealthy.
 K - the +7 mace "Xerph" {crush, Str+2}
   (You found it on level 8 of the Dungeon)

   It inflicts extra damage upon your enemies.
   It affects your strength (+2).
Missiles
 o - 3 throwing nets (quivered)
 P - 2 javelins
Armour
 f - the +1 helmet "Leifaddi" (worn) {MR++}
   (You bought it in a shop on level 9 of the Dungeon)

   It affects your resistance to hostile enchantments.
 u - a +1 buckler (worn)
 v - the +2 pair of fencer's gloves (worn) {LBl+4 SBl+4 EV+3 Dex+6}
   (You bought it in a shop on level 9 of the Dungeon)

   It affects your evasion (+3).
   It affects your dexterity (+6).
 B - a +0 pair of boots (worn)
 J - the +3 plate armour of the Land of Plenty (worn) {rPois Int+5}
   (You bought it in a shop on level 4 of the Orcish Mines)

   It affects your intelligence (+5).
   It protects you from poison.
 O - a +2 cloak of magic resistance (worn)
Jewellery
 w - an uncursed ring of protection from fire
 A - an uncursed ring of protection from magic
 C - a ring of protection from cold (right hand)
 F - an amulet of warding (around neck)
 H - an uncursed ring of flight
 Q - an uncursed ring of protection from fire
 U - the ring of Hiacaqol (left hand) {+Inv Str+4 Dex+2 Stlth+}
   (You found it on level 7 of the Dungeon)

   [ring of invisibility]

   It affects your strength (+4).
   It affects your dexterity (+2).
   It lets you turn invisible.
   It makes you more stealthy.
 Z - an uncursed amulet of guardian spirit
Magical devices
 b - a wand of paralysis (16)
 c - a wand of confusion (19)
 j - a wand of confusion (19)
 k - a wand of paralysis (16)
 I - a wand of fireball (9)
 V - a wand of slowing (14)
 W - a wand of slowing (19)
 Y - a wand of slowing (22)
Scrolls
 m - 6 scrolls of remove curse
 q - 9 scrolls of identify
 r - a scroll of recharging
 t - 3 scrolls of magic mapping
 G - 4 scrolls of enchant armour
Potions
 g - 4 potions of curing
 h - a potion of cancellation
 i - a potion of haste
 p - 4 potions of brilliance
 z - a potion of flight
 L - 2 potions of might
 M - 2 potions of resistance
 T - a potion of agility
Books
 e - a book of Frost

   Spells                             Type                      Level
   a - Freeze                         Ice                          1
   b - Throw Frost                    Conjuration/Ice              2
   c - Ozocubu's Armour               Charms/Ice                   3
   d - Throw Icicle                   Conjuration/Ice              4
   e - Summon Ice Beast               Ice/Summoning                4
   f - Condensation Shield            Ice                          4
Miscellaneous
 D - a plain deck of changes
Comestibles
 d - 8 meat rations
 l - 9 chunks of flesh
 n - 6 beef jerkies
 X - a royal jelly


   Skills:
 - Level 14.0 Fighting
 - Level 16.2 Maces & Flails
 - Level 1.7 Throwing
 + Level 14.7 Armour
 - Level 7.0 Dodging
 - Level 3.9 Stealth
 - Level 4.0 Shields
 - Level 8.1 Unarmed Combat
 - Level 10.1 Invocations


You had 16 spell levels left.
You didn't know any spells.

Dungeon Overview and Level Annotations

Branches:
Dungeon (11/15)            Temple (1/1) D:4            Lair (8/8) D:8
  Swamp (2/4) Lair:6        Snake (4/4) Lair:6        Slime (0/6) Lair:8
    Orc (4/4) D:11            Elf (0/3) Orc:3

Altars:
Ashenzari
Cheibriados
Dithmenos
Elyvilon
Fedhas
Gozag
Kikubaaqudgha
Makhleb
Nemelex Xobeh
Qazlal
Ru
Sif Muna
Trog
Vehumet
Xom
Yredelemnul
Zin
The Shining One
Beogh

Shops:
D:9 [(**   Orc:4 }[(*   Snake:4 }

Portals:
Pandemonium: Orc:4

Annotations:
Snake:2 Vashnia


Innate Abilities, Weirdness & Mutations

Your body is rotting away.
You thrive on raw meat.
You are immune to poison.
You have sharp fingernails.
You are carnivorous and can eat meat at any time.
Your flesh is cold resistant.
You are immune to negative energy.
You heal slowly when monsters are visible.
You are immune to unholy pain and torment.
You can survive without breathing.


Message History

The naga ritualist casts a spell at you.
The lance of force hits you!
Use which ability? (? or * to list)
A demon appears!
You feel somewhat more hungry.
The greater naga hits you with a spear of piercing!
* * * LOW HITPOINT WARNING * * *
x2 The greater naga constricts you.
The naga warrior hits you but does no damage.
Your blizzard demon hits the naga warrior!
Your blizzard demon barely misses the naga warrior.
The naga warrior spits poison at your blizzard demon.
The splash of poison hits your blizzard demon.
Your blizzard demon is poisoned.
The naga ritualist spits poison at your blizzard demon.
The splash of poison hits your blizzard demon.
Your blizzard demon appears unharmed.
The naga ritualist constricts your blizzard demon.
The naga ritualist completely misses you.
The greater naga hits you with a spear of piercing!
You die...

).##...##....###.).## #....#.....
..#...##.......#....# #.........#
<##...#......N(##)).# #......).##
##...##..S..NNNN#)..# #.......##,
,#...#..)#..N.N.#...# #...)..##,,
,#...#..N#...N.##)..###..)).##*,,
,#...#.)N##...##.2.###.....##*,,,
,#...#..)N#####.NN.##......# *,,,
,#...##.§§N###.2@)##.......# *,,,
,##)))#..§§§)SNNN##....)...# *,,,
,,#)()##..§.....##.........# *,,,
,,##..(###.....##.....#....# **,,
***#.)...#######.....##....# *,,
,,*##.(..........!..###....# **,
,** ###...)..)....### #....# **
,,* ####..)...### #....# * ,,*
########* *,,..# *


You could see 2 naga warriors, a greater naga, 2 naga ritualists, a guardian
serpent and 2 friendly blizzard demons.

Vanquished Creatures
  Kirke (Lair:7)
  3 greater nagas
  A minotaur (Lab)
  Erolcha (D:10)
  Fannar (Orc:1)
  Harold (Orc:2)
  12 naga warriors
  9 hydras
  3 anacondas
  A catoblepas (Lair:8)
  Erica (Orc:1)
  3 merfolk avatars (Swamp:2)
  A queen ant (Lair:2)
  13 naga sharpshooters
  2 orc high priests (Orc:4)
  10 death yaks
  8 shock serpents
  Sonja (Orc:2)
  2 unseen horrors
  A swamp dragon (Swamp:1)
  4 naga ritualists
  2 ice statues (IceCv)
  6 orc knights
  Pikel (D:4)
  A hornet (Swamp:2)
  2 oklob plants
  An ugly thing (D:11)
  4 orc sorcerers
  2 mana vipers (Snake:2)
  A griffon (Lair:7)
  2 sixfirhies (Orc:4)
  2 cyclopes
  4 salamanders
  34 black mambas
  An elephant (Lair:8)
  Maurice (Orc:4)
  3 guardian serpents
  16 naga magi
  Psyche (D:11)
  A torpor snail (Lair:7)
  15 spiny frogs
  6 komodo dragons
  A fire drake (Lair:5)
  4 giant leeches
  2 polar bears (Lair:8)
  11 blink frogs
  Prince Ribbit (D:7)
  A troll (D:11)
  A two-headed ogre (D:7)
  3 slime creatures (Swamp:2)
  2 wyverns (D:9)
  Sigmund (D:3)
  39 yaks
  2 hogs (Lair:7)
  Eustachio (D:4)
  5 basilisks
  Grum (D:8)
  7 hippogriffs
  4 vampire mosquitoes (Swamp:1)
  Menkaure (D:7)
  A chaos spawn (Orc:4)
  10 swamp worms
  27 wolves
  3 wargs
  A deep elf fighter (D:8)
  20 soldier ants (Lair:2)
  41 nagas
  12 water moccasins
  A swamp drake (Swamp:1)
  17 porcupines
  4 sky beasts
  27 orc warriors
  19 ice beasts
  12 ogres
  2 phantoms
  2 wasps (Swamp:1)
  2 centaurs
  14 crocodiles
  3 big kobolds (D:9)
  A wyvern zombie (D:11)
  19 giant frogs
  6 killer bees (D:11)
  4 scorpions
  3 wights (D:9)
  An electric eel (D:7)
  3 crimson imps
  A centaur zombie (D:9)
  2 giant frog zombies (D:5)
  4 lava snakes (Lab)
  26 orc priests
  3 hounds
  2 quasits
  2 jellies
  Ijyb (D:2)
  A centaur skeleton (D:5)
  21 orc wizards
  2 giant frog skeletons
  30 worker ants
  7 iguanas
  4 hell rats (Lair:5)
  23 sheep
  A hound skeleton (D:4)
  15 adders
  42 river rats
  3 shadow imps
  2 oozes
  A worm (D:5)
  An adder skeleton (D:7)
  An adder zombie (D:10)
  139 orcs
  4 ball pythons (Lair:6)
  18 goblins
  5 hobgoblins
  8 jackals
  7 kobolds
  5 quokkas
  14 bats
  4 giant cockroaches
  6 giant geckos
  A giant gecko zombie (D:5)
  3 giant newts
  16 rats
952 creatures vanquished.

Vanquished Creatures (collateral kills)
  5 greater nagas (Snake:4)
  Maud (Lair:3)
  Aizul (Snake:4)
  A dire elephant (Lair:8)
  Snorg (Lair:8)
  The ghost of Phlounder the Slinger, a powerful MiMo of Cheibriados (Orc:4)
  7 naga warriors
  2 ice dragons (IceCv)
  3 hydras
  An anaconda (Snake:3)
  6 death yaks (Lair:8)
  4 naga sharpshooters
  A deep troll shaman (Lair:8)
  5 orc high priests (Orc:4)
  A soul eater (Orc:4)
  A naga ritualist (Snake:3)
  A putrid demonspawn (Orc:4)
  An orc knight (Orc:4)
  A torturous demonspawn (Orc:4)
  A mana viper (Snake:3)
  2 orc sorcerers (Orc:4)
  A griffon (Lair:3)
  An elephant (Lair:8)
  4 black mambas
  2 naga magi
  A salamander (Snake:3)
  A spiny frog (Lair:8)
  A blink frog (Lair:3)
  5 yaks (Lair:6)
  2 hippogriffs
  6 wolves
  15 nagas
  6 orc warriors
  3 water moccasins (Lair:6)
  A crocodile (Lair:6)
  A giant frog (Lair:3)
  7 orc priests
  3 sheep (Lair:3)
  2 adders (Lair:6)
  3 river rats (Lair:3)
  16 orcs
  A plant (Lair:6)
129 creatures vanquished.

Vanquished Creatures (others)
  A human (Lair:8)
  The ghost of babuloseo the Ruffian, an average GrMo of the Shining One (D:4)
  A naga (Snake:4)
  An ooze (D:4)
  2 orcs
  A giant cockroach (D:4)
  2 briar patches (Swamp:2)
  19 fungi
  7 plants
35 creatures vanquished.

Grand Total: 1116 creatures vanquished

Notes
Turn   | Place    | Note
--------------------------------------------------------------
     0 | D:1      | hashmurim the Ghoul Gladiator began the quest for the Orb.
     0 | D:1      | Reached XP level 1. HP: 17/17 MP: 0/0
   329 | D:1      | Reached XP level 2. HP: 22/22 MP: 1/1
   414 | D:1      | Reached skill level 4 in Unarmed Combat
   943 | D:2      | Found a glowing golden altar of the Shining One.
  1044 | D:2      | Reached XP level 3. HP: 25/27 MP: 2/2
  1374 | D:2      | Noticed Ijyb
  1377 | D:2      | Reached skill level 5 in Unarmed Combat
  1407 | D:2      | Killed Ijyb
  1407 | D:2      | Reached XP level 4. HP: 12/33 MP: 3/3
  1766 | D:3      | Reached skill level 6 in Unarmed Combat
  1766 | D:3      | Reached XP level 5. HP: 30/41 MP: 4/4
  2075 | D:3      | Noticed Sigmund
  2092 | D:3      | Killed Sigmund
  2092 | D:3      | Reached skill level 7 in Unarmed Combat
  2092 | D:3      | Reached XP level 6. HP: 24/48 MP: 5/5
  2195 | D:3      | Reached skill level 8 in Unarmed Combat
  2512 | D:4      | Reached XP level 7. HP: 43/56 MP: 6/6
  2583 | D:4      | Noticed Pikel
  2595 | D:4      | Killed Pikel
  2595 | D:4      | Reached XP level 8. HP: 40/73 MP: 7/7
  2659 | D:4      | Killed babuloseo's ghost
  2861 | D:4      | Noticed Eustachio
  2892 | D:4      | Killed Eustachio
  3059 | D:4      | Found a glowing silver altar of Zin.
  3117 | D:4      | Found a staircase to the Ecumenical Temple.
  3131 | Temple   | Entered the Ecumenical Temple
  3336 | Temple   | Became a worshipper of Makhleb the Destroyer
  3462 | D:5      | Entered Level 5 of the Dungeon
  3472 | D:5      | Found a sacrificial altar of Ru.
  3563 | D:5      | Reached skill level 9 in Fighting
  3810 | D:5      | Found an ancient bone altar of Kikubaaqudgha.
  4171 | D:5      | Found a deep blue altar of Sif Muna.
  4391 | D:6      | Found a bloodstained altar of Trog.
  4558 | D:6      | Acquired Makhleb's first power
  4558 | D:6      | Reached XP level 9. HP: 82/82 MP: 8/8
  4610 | D:6      | Reached skill level 10 in Fighting
  5118 | D:7      | Reached skill level 11 in Fighting
  5255 | D:7      | Noticed Prince Ribbit
  5260 | D:7      | Noticed Menkaure
  5274 | D:7      | Killed Prince Ribbit
  5439 | D:7      | Killed Menkaure
  5439 | D:7      | Reached skill level 12 in Fighting
  5556 | D:7      | Got an ancient glass ring
  5947 | D:8      | Noticed Grum
  5966 | D:7      | Reached XP level 10. HP: 38/97 MP: 9/9
  5967 | D:7      | Acquired Makhleb's second power
  6097 | D:8      | Killed Grum
  6317 | D:8      | Got a dazzling mace
  6354 | D:8      | Identified the +7 mace "Xerph" {crush, Str+2} (You found it on level 8 of the Dungeon)
  6392 | D:8      | Reached skill level 1 in Maces & Flails
  6415 | D:8      | Found a staircase to the Lair.
  6681 | D:8      | Acquired Makhleb's third power
  6760 | D:9      | Found Maacouri's Antique Armour Shop.
  6769 | D:9      | Bought a pair of glowing gloves for 139 gold pieces
  6769 | D:9      | Bought a glowing scale mail for 124 gold pieces
  6770 | D:9      | Identified the ring of Hiacaqol {+Inv Str+4 Dex+2 Stlth+} (You found it on level 7 of the Dungeon)
  6885 | D:9      | Found Zijebor's General Store.
  6899 | D:9      | Bought a potion of heal wounds for 60 gold pieces
  7142 | D:9      | Found Ihab's Antique Weapon Shop.
  7158 | D:9      | Found Jeapreh's Assorted Antiques.
  7549 | D:9      | Reached skill level 5 in Maces & Flails
  7589 | Lair:1   | Entered Level 1 of the Lair of Beasts
  7876 | Lair:1   | Acquired Makhleb's fourth power
  7998 | Lair:1   | Reached XP level 11. HP: 97/104 MP: 10/10
  8219 | Lair:1   | Noticed a five-headed hydra
  8298 | Lair:1   | Killed a five-headed hydra
  8692 | Lair:2   | Noticed an eight-headed hydra
  9012 | Lair:2   | Reached skill level 1 in Invocations
  9398 | Lair:2   | Reached skill level 5 in Invocations
  9408 | Lair:2   | Acquired Makhleb's fifth power
  9584 | Lair:2   | Noticed a queen ant
  9639 | Lair:2   | Reached XP level 12. HP: 112/112 MP: 17/17
  9663 | Lair:2   | Killed a queen ant
  9827 | Lair:2   | Killed an eight-headed hydra
  9827 | Lair:2   | Reached skill level 10 in Invocations
  9954 | Lair:3   | Found a frozen archway.
  9962 | IceCv    | Entered an ice cave
  9972 | IceCv    | Reached skill level 1 in Shields
 10407 | IceCv    | Noticed an ice dragon
 10415 | IceCv    | Killed an ice dragon
 10431 | IceCv    | Noticed an ice dragon
 10437 | IceCv    | Killed an ice dragon
 10825 | Lair:3   | Reached skill level 10 in Maces & Flails
 10879 | Lair:3   | Noticed Maud
 10887 | Lair:3   | Killed Maud
 11156 | Lair:3   | Noticed an eight-headed hydra
 11166 | Lair:3   | Killed an eight-headed hydra
 11166 | Lair:3   | Reached XP level 13. HP: 118/118 MP: 19/19
 11172 | Lair:3   | Noticed a seven-headed hydra
 11195 | Lair:3   | Killed a seven-headed hydra
 13465 | Lair:6   | Found a staircase to the Snake Pit.
 13483 | Lair:6   | Reached skill level 13 in Maces & Flails
 13604 | Lair:6   | Found a staircase to the Swamp.
 14451 | Lair:7   | Noticed Kirke
 14468 | Lair:7   | Killed Kirke
 14468 | Lair:7   | Reached skill level 14 in Maces & Flails
 14563 | Lair:6   | Reached XP level 14. HP: 111/126 MP: 20/20
 15330 | Lair:8   | Entered Level 8 of the Lair of Beasts
 15358 | Lair:7   | Reached skill level 15 in Maces & Flails
 15517 | Lair:8   | Found a labyrinth entrance.
 15557 | Lab      | Entered a labyrinth
 15743 | Lab      | Identified A Beginning Course on Sorcery
 15754 | Lair:8   | Identified a +4 rod of shadows (11/11) (You found it in a labyrinth)
 15837 | Lair:8   | Found a staircase to the Slime Pits.
 16060 | Lair:8   | Noticed Snorg
 16113 | Lair:8   | Reached skill level 16 in Maces & Flails
 16421 | Lair:8   | Killed Snorg
 16614 | Lair:6   | Reached skill level 5 in Armour
 16835 | D:9      | Bought a scroll of enchant weapon for 90 gold pieces
 16835 | D:9      | Bought the +2 pair of fencer's gloves {LBl+4 SBl+4 EV+3 Dex+6} for 560 gold pieces
 16835 | D:9      | Bought a scroll of enchant weapon for 90 gold pieces
 17259 | D:9      | Noticed a two-headed hydra
 17267 | D:9      | Killed a two-headed hydra
 17347 | D:10     | Entered Level 10 of the Dungeon
 17730 | D:10     | Noticed Erolcha
 17737 | D:10     | Killed Erolcha
 17819 | D:10     | Got a shimmering hand axe
 17820 | D:10     | Identified the +6 hand axe "Jaot" {pain, Str+6 Int+4 Stlth-} (You found it on level 10 of the Dungeon)
 18219 | D:11     | Found a roughly hewn altar of Beogh.
 18328 | D:11     | Found a staircase to the Orcish Mines.
 18785 | D:11     | Reached XP level 15. HP: 134/134 MP: 21/21
 18815 | D:11     | Noticed Psyche
 18821 | D:11     | Killed Psyche
 19182 | Orc:1    | Entered Level 1 of the Orcish Mines
 19191 | Orc:1    | Noticed Erica
 19213 | Orc:1    | Killed Erica
 19438 | D:9      | Bought a brightly glowing helmet for 294 gold pieces
 19448 | D:9      | Identified the +1 helmet "Leifaddi" {MR++} (You bought it in a shop on level 9 of the Dungeon)
 19632 | Orc:1    | Noticed Fannar
 19652 | Orc:1    | Killed Fannar
 20072 | Orc:2    | Noticed Harold
 20087 | Orc:2    | Killed Harold
 20301 | Orc:2    | Found a burning altar of Makhleb.
 20572 | Orc:3    | Found a staircase to the Elven Halls.
 21048 | Orc:4    | Entered Level 4 of the Orcish Mines
 21142 | Orc:4    | Noticed Phlounder's ghost (powerful MiMo)
 21155 | Orc:4    | Killed Phlounder's ghost
 21164 | Orc:4    | Found Suax's General Store.
 21166 | Orc:4    | Found Ufareuh's General Store.
 21254 | Orc:4    | Bought 2 potions of curing for 84 gold pieces
 21254 | Orc:4    | Bought a potion of curing for 42 gold pieces
 21254 | Orc:4    | Bought a potion of heal wounds for 70 gold pieces
 21254 | Orc:4    | Bought a scroll of teleportation for 42 gold pieces
 21254 | Orc:4    | Bought 2 potions of curing for 84 gold pieces
 21402 | Orc:4    | Reached skill level 5 in Dodging
 21424 | Orc:4    | Found Ropsae's Gadget Emporium.
 21424 | Orc:4    | Found a one-way gate leading to the halls of Pandemonium.
 21424 | Orc:4    | Found Gewn's Antique Armour Shoppe.
 21499 | Orc:4    | Found Qumise's Antique Weapon Shoppe.
 21507 | Orc:4    | Noticed Maurice
 21526 | Orc:4    | Killed Maurice
 22073 | Orc:2    | Noticed Sonja
 22101 | Orc:2    | Killed Sonja
 22468 | Swamp:1  | Entered Level 1 of the Swamp
 23040 | Swamp:1  | Reached skill level 1 in Stealth
 23915 | Swamp:2  | Noticed a thorn hunter
 24522 | Lair:4   | Reached XP level 16. HP: 145/145 MP: 22/22
 24741 | Snake:1  | Entered Level 1 of the Snake Pit
 25812 | Orc:4    | Bought a slimy plate armour for 1120 gold pieces
 25822 | Orc:4    | Identified the +3 plate armour of the Land of Plenty {rPois Int+5} (You bought it in a shop on level 4 of the Orcish Mines)
 26169 | Snake:2  | Reached skill level 10 in Armour
 26427 | Snake:2  | Noticed Vashnia
 26428 | Snake:2  | Noticed an Executioner
 26554 | Snake:1  | Identified a scroll of acquirement
 27705 | Snake:3  | Found a radiant altar of Vehumet.
 28550 | Snake:3  | Reached XP level 17. HP: 26/151 MP: 23/23
 28813 | Snake:4  | Entered Level 4 of the Snake Pit
 28992 | Snake:4  | Found Govuhat's Gadget Emporium.
 29655 | Snake:4  | Noticed Aizul
 29663 | Snake:4  | Killed Aizul
 29775 | Snake:4  | Slain by a greater naga

Vault maps used:
D:1:      elethiomel_arrival_infinity_welcomes_careful_drivers
D:2:      kennysheep_the_goblin_king, nicolae_tso_carved_into_rock, st_stairs_10
D:3:      uniq_sigmund
D:4:      nicolae_overflow_hidden_temple, overflow_temple_1_default,
          minmay_temple_entry_nine_rooms, minmay_misc_feat_diagonals,
          uniq_pikel, uniq_eustachio
D:5:      nicolae_ru_awakened_eye, led_sif_pool, kiku_gazebo_pond_becter,
          first_bread, roderic_nine_men_s_morris
D:6:      nicolae_overflow_crystal_walls
D:7:      kennysheep_dice, uniq_menkaure, uniq_prince_ribbit1
D:8:      grunt_lair_entry_elf_guard_hut, uniq_grum
D:9:      serial_shops, kennysheep_mini,
          nicolae_shop_temple_entry_statues_fountains, shop, shop,
          hangedman_ranch, nicolae_zen_rock_garden
D:10:     uniq_erolcha
D:11:     david_orc_5, serial_column_ruins, column_ruins_grid_3,
          column_ruins_open_small, column_ruins_open_large,
          column_ruins_corridor_corner, corner_web_ring, uniq_psyche
Temple:   eino_temple_water_12
Lair:1:   infiniplex_staircase_pool_2
Lair:2:   minivault_29
Lair:3:   portal_ice_cave_entry_pillars_01, uniq_maud
Lair:5:   st_stairs_4, small_statue_intersection, fungi_pond_lemuel
Lair:6:   swamp_mist, minmay_snake_entry_six_corridors
Lair:7:   uniq_kirke
Lair:8:   grunt_lair_end_beastmaster, slime_dummy, lab_entry_generic, uniq_snorg
Swamp:1:  infiniplex_staircase_pool
Swamp:2:  evilmike_swamp_ruin_rubble_1, swamp_pool2, grunt_lady_of_the_lake
Snake:2:  uniq_vashnia
Snake:3:  basic_altar, guppyfry_library_mini
Snake:4:  grunt_snake_rune_spirals, serial_shops, shop_fountains,
          hangedman_snake_pattern, uniq_aizul
Orc:1:    uniq_fannar, uniq_erica
Orc:2:    basic_altar, uniq_sonja, uniq_harold
Orc:3:    nicolae_orc_pool_cavern
Orc:4:    pf_orc_diabolical, serial_shops, shop, uniq_maurice
Lab:      nicolae_lab_grate, labyrinth_lava_lair, nicolae_lab_starburst
IceCv:    ice_cave_small_dragons

Action                   |  1- 3 |  4- 6 |  7- 9 | 10-12 | 13-15 | 16-18 || total
-------------------------+-------+-------+-------+-------+-------+-------++-------
Melee: Unarmed           |   102 |   140 |   321 |   221 |     5 |       ||   789
       Mace              |       |       |       |   560 |    68 |       ||   628
       Whip              |       |       |       |     6 |       |       ||     6
       Eveningstar       |       |       |       |    34 |  1582 |   662 ||  2278
       Hand axe          |       |       |       |       |     4 |       ||     4
       Triple sword      |       |       |       |       |       |     9 ||     9
Throw: Throwing net      |       |       |       |     4 |     3 |       ||     7
Invok: Lesser Servant of |       |       |       |     1 |     7 |     2 ||    10
       Greater Servant o |       |       |       |     3 |    14 |    12 ||    29
       Minor Destruction |       |       |       |       |     1 |       ||     1
       Major Destruction |       |       |       |       |       |     1 ||     1
Evoke: Wand              |       |       |       |     2 |       |    10 ||    12
       Rod               |       |       |       |       |     1 |       ||     1
  Use: Scroll            |       |       |    11 |    18 |    11 |    17 ||    57
       Potion            |       |       |       |     5 |     4 |    11 ||    20
 Stab: Distracted        |       |       |       |     1 |     2 |     1 ||     4
       Sleeping          |       |       |       |     1 |       |       ||     1
       Held in net/web   |       |       |       |     1 |     1 |       ||     2
  Eat: Chunk             |     1 |     9 |    23 |    42 |    94 |    43 ||   212
       Pizza             |       |       |       |     3 |       |       ||     3
       Meat ration       |       |       |       |       |     1 |       ||     1
